 Dungeon Crawl Stone Soup version 0.19-a0-1051-gdb7e7f8 (webtiles) character file.

267 MulkerokalaRandom the Magician (level 6, -2/32 HPs)
             Began as a Deep Elf Wizard on Aug 2, 2016.
             Slain by a scorpion (8 damage)
             ... on level 4 of the Dungeon.
             The game lasted 00:13:30 (5533 turns).

MulkerokalaRandom the Magician (Deep Elf Wizard)    Turns: 5533, Time: 00:13:31

Health: -2/32      AC:  3    Str:  3 (4)  XL:     6   Next: 0%
Magic:  3/15       EV: 12    Int: 24 (25) God:
Gold:   128        SH:  0    Dex: 11 (13) Spells: 6 memorised, 2 levels left

rFire  . . .     SeeInvis .     m - +1 spear
rCold  . . .     Gourm    .     a - +0 robe
rNeg   . . .     Faith    .     (no shield)
rPois  .         Spirit   .     b - +0 hat
rElec  .         Dismiss  .     (no cloak)
rCorr  .         Reflect  .     (no gloves)
SustAt .         Harm     .     v - +0 pair of boots
MR     .....                    (no amulet)
Stlth  ++........               (no ring)
                                (no ring)

@: lethally poisoned (-2 -> -12), repel missiles, invisible, not resistant to
hostile enchantments, unstealthy
A: no striking features
a: no special abilities


You were on level 4 of the Dungeon.
You were very hungry.

You visited 1 branch of the dungeon, and saw 4 of its levels.

You collected 128 gold pieces.

Inventory:

Hand Weapons
 m - a +1 spear (weapon)
Missiles
 n - 16 poisoned needles
 p - 5 javelins (quivered)
Armour
 a - a +0 robe (worn)
 b - a +0 hat (worn)
 v - a +0 pair of boots (worn)
Jewellery
 o - an uncursed ring of stealth {unknown}
Scrolls
 g - a scroll of enchant weapon
 h - a scroll of identify {unknown}
 j - 3 scrolls of blinking {unknown}
 l - 2 scrolls of fog {unknown}
 r - a scroll of fear {unknown}
 s - 3 scrolls of remove curse {unknown}
 w - 2 scrolls of recharging {unknown}
Potions
 u - a potion of might {unknown}
 z - 2 potions of curing {unknown}
Books
 c - a book of Minor Magic

   Spells                             Type                      Level
   a - Magic Dart                     Conjuration                  1
   b - Blink                          Translocation                2
   c - Call Imp                       Summoning                    2
   d - Repel Missiles                 Charms/Air                   2
   e - Slow                           Hexes                        2
   f - Conjure Flame                  Conjuration/Fire             3
   g - Mephitic Cloud                 Conjuration/Poison/Air       3
Comestibles
 d - 2 bread rations
 i - a meat ration


   Skills:
 - Level 2.4 Dodging
 - Level 2.4 Stealth
 - Level 5.0 Spellcasting
 * Level 4.9 Conjurations
 + Level 3.1 Hexes
   Level 1.1 Summonings
 - Level 1.5 Translocations
 + Level 2.1 Fire Magic


You had 2 spell levels left.
You knew the following spells:

 Your Spells              Type           Power        Failure   Level  Hunger
a - Magic Dart            Conj           ####         1%          1    None
b - Blink                 Tloc           N/A          10%         2    None
c - Slow                  Hex            ###.....     4%          2    None
d - Repel Missiles        Chrm/Air       #.....       14%         2    None
e - Conjure Flame         Conj/Fire      ###.....     10%         3    ##.....
f - Mephitic Cloud        Conj/Pois/Air  ##......     17%         3    ##.....


Dungeon Overview and Level Annotations

Branches:
Dungeon (4/15)
 Temple: D:4-7

Altars:
Uskayaw
Yredelemnul
The Shining One

Shops:
D:4 *

Annotations:
D:3 Grinder


Message History

The orc wields a hunting sling.
The orc shoots a stone.
The stone misses you.
You take 7 damage, and have 13/32 hp.
MASSIVE DAMAGE!!
It was a potion of degeneration.
There was something very wrong with that liquid.
You feel weakened.
You feel dopey.
You feel clumsy.
You feel sick. The scorpion stings you.
* * * LOW HITPOINT WARNING * * *
The orc shoots a stone.
The stone closely misses you.
You take 6 damage, and have 7/32 hp.
Unknown command.
Unknown command.
Unknown command.
It was a potion of invisibility.
You fade into invisibility!
* * * LOW HITPOINT WARNING * * *
You feel sick. The scorpion stings you!
You die...

###....#.#.#...**,,,*,,,,,,,,*
##..#..####...#**...#,,,,,,,<*
#...#...##....###...#,,,**,,,*
#.#.#.#.##..#.#.#...####**,,,*
#.#.#.#####..#.#*.......,*,,,*
#.#...# #..#..#,*......o,*,,,*
.##...####..#.##*.......,*,,,*
.#..#..#.#.....##.5.....,*,,,*
...###.....8.8Ys@.......,*,,,*
.#..#..#.#.....#####....,*,,,*
.##...####..#.##* *,,,.,*,,,*
#.#...# #..#..#,* *,,,,,*,,,*
#.#.#.#####..#.** *,,,,,*,,,*
#.#.#.#.##..#.#.# *,,,,,*,,,*
#...#...##....### *,,,,,*,,,*
##..#..####..,** *,,,,,',,,*
##....#.#,*,,,* *,,,,,*,,,*


You could see an ice beast (inner flame), a scorpion (inner flame), a shadow imp
(inner flame) and an orc (inner flame).

Vanquished Creatures
  A giant frog (D:4)
  A centaur skeleton (D:4)
  2 orc wizards (D:3)
  3 adders
  7 worms
  2 dart slugs (D:1)
  2 giant geckos
  3 orcs
  2 bats (D:1)
  6 giant cockroaches
  8 goblins
  6 hobgoblins
  2 ball pythons
  A giant newt (D:3)
  11 kobolds
  7 rats
64 creatures vanquished.

Notes
Turn   | Place    | Note
-------+----------+-------------------------------------------
     0 | D:1      | MulkerokalaRandom the Deep Elf Wizard began the quest for the Orb.
     0 | D:1      | Reached XP level 1. HP: 10/10 MP: 7/7
   433 | D:1      | Reached XP level 2. HP: 11/15 MP: 2/9
   699 | D:1      | Learned a level 2 spell: Blink
   702 | D:1      | Learned a level 2 spell: Slow
   705 | D:1      | Learned a level 2 spell: Repel Missiles
  1238 | D:2      | Reached skill level 5 in Spellcasting
  1238 | D:2      | Reached XP level 3. HP: 19/19 MP: 1/11
  1983 | D:2      | Found a basalt altar of Yredelemnul.
  2004 | D:2      | Learned a level 3 spell: Conjure Flame
  2116 | D:2      | Reached skill level 1 in Hexes
  2626 | D:2      | Reached XP level 4. HP: 18/24 MP: 4/13
  3140 | D:3      | Learned a level 3 spell: Mephitic Cloud
  3169 | D:3      | Noticed Grinder
  3169 | D:3      | Paralysed by Grinder for 3 turns
  3561 | D:3      | Reached skill level 1 in Fire Magic
  4581 | D:3      | Reached XP level 5. HP: 26/28 MP: 6/14
  4778 | D:3      | Paralysed by Grinder for 4 turns
  5084 | D:4      | Reached XP level 6. HP: 15/32 MP: 6/15
  5370 | D:4      | Found Kiwoyvosk's Assorted Antiques.
  5384 | D:4      | Found a hide-covered altar of Uskayaw.
  5385 | D:4      | Found a glowing golden altar of the Shining One.
  5461 | D:4      | Noticed an ice beast
  5533 | D:4      | Slain by a scorpion

Vault maps used:
D:1:      tarquinn_simple_flora_water_e, minmay_tree_intersection
D:2:      lemuel_round_altar, minmay_tetromino_l2
D:3:      uniq_grinder
D:4:      wad_crossroads, amethyst_overflow_temple_binary,
          gammafunk_temple_overflow_pools, serial_shops, shop, first_bread

Skill      XL: |  1  2  3  4  5 |
---------------+----------------+-----
Conjurations   | 2 3 4 |  4.9
Spellcasting   | 5 |  5.0
Hexes          | 1 2 3 |  3.1
Fire Magic     | 1 2 |  2.1
Dodging        | |  2.4
Stealth        | |  2.4
Summonings     | |  1.1
Translocations | |  1.5

Action                   |  1- 3 |  4- 6 || total
-------------------------+-------+-------++-------
Melee: Unarmed           |     5 |       ||     5
       Spear             |    21 |    65 ||    86
 Cast: Magic Dart        |   124 |   101 ||   225
       Repel Missiles    |     1 |       ||     1
       Slow              |     5 |     9 ||    14
       Mephitic Cloud    |       |     3 ||     3
       Conjure Flame     |       |     3 ||     3
  Use: Scroll            |       |     3 ||     3
       Potion            |       |     3 ||     3
 Stab: Sleeping          |       |     1 ||     1
  Eat: Chunk             |     5 |     8 ||    13
Armor: Robe              |     8 |    10 ||    18
       Skin              |       |    14 ||    14
Dodge: Dodged            |    42 |    35 ||    77
